 Dungeon Crawl Stone Soup version 0.26-a0-964-g69f9a3b9e2 (webtiles) character file.

Game seed: 9772287462116953245

109575 mhtbhm the Warrior (level 16, -6/155 HPs)
             Began as a Minotaur Gladiator on Dec 2, 2020.
             Was the Champion of Okawaru.
             Mangled by a titan zombie (25 damage)
             ... on level 15 of the Dungeon.
             The game lasted 01:02:08 (33231 turns).

mhtbhm the Warrior (Minotaur Gladiator)            Turns: 33231, Time: 01:02:09

Health: -6/155     AC: 32    Str: 25    XL:     16   Next: 5%
Magic:  25/25      EV: 13    Int:  9    God:    Okawaru [******]
Gold:   1661       SH:  5    Dex: 16    Spells: 15/15 levels left

rFire    + . .     SeeInvis .   w - +5 quarterstaff "Baogiface" {holy, rC+ rN+ Int+4 Dex+3}
rCold    + . .     Faith    .   (shield currently unavailable)
rNeg     + . .     Spirit   .   U - +3 plate armour {rPois}
rPois    +         Reflect  +   c - +1 hat of the Journeyman {rF+}
rElec    .         Harm     .   l - +0 cloak
rCorr    .         Rampage  +   n - +0 pair of gloves
MR       +....                  S - +2 pair of boots {rampage}
Stlth    ..........             h - amulet of reflection
HPRegen  0.35/turn              o - +4 ring of protection
MPRegen  0.19/turn              (no ring)

@: berserk cooldown, slowed, very slow
A: retaliatory headbutt, horns 2
a: Heroism, Finesse, Renounce Religion


You were on level 15 of the Dungeon.
You worshipped Okawaru.
Okawaru was exalted by your worship.
You visited 5 branches of the dungeon, and saw 27 of its levels.

You collected 2395 gold pieces.
You spent 734 gold pieces at shops.

Inventory:

Hand Weapons
 a - a +4 lajatang of electrocution
 w - the +5 quarterstaff "Baogiface" (weapon) {holy, rC+ rN+ Int+4 Dex+3}
   (Okawaru gifted it to you on level 4 of the Lair of Beasts)

   It has been blessed by the Shining One to cause great damage to the undead
   and demons.
   It affects your intelligence (+4).
   It affects your dexterity (+3).
   It protects you from cold.
   It protects you from negative energy.
Missiles
 d - 12 silver javelins
 H - 5 curare-tipped darts (quivered)
 J - 2 throwing nets
Armour
 b - a +3 plate armour of cold resistance
 c - the +1 hat of the Journeyman (worn) {rF+}
   (Okawaru gifted it to you on level 14 of the Dungeon)

   It protects you from fire.
 l - a +0 cloak (worn)
 n - a +0 pair of gloves (worn)
 C - +0 pearl dragon scales
 L - a +2 scale mail of fire resistance
 S - a +2 pair of boots of rampaging (worn)
 T - a +0 pair of boots of flying
 U - a +3 plate armour of poison resistance (worn)
 W - the +4 crystal plate armour of Nesanetz {Str+4}
   (Okawaru gifted it to you on level 11 of the Dungeon)

   It affects your strength (+4).
Jewellery
 e - the macabre finger necklace {rN+}
   (You found it on level 12 of the Dungeon)

   [amulet of nothing]

   It protects you from negative energy.
 h - an amulet of reflection (around neck)
 o - a +4 ring of protection (left hand)
 q - an uncursed ring of resist corrosion
 F - the ring of Oconivvo {Fire rN+ Slay+3 SInv Stlth-}
   (You found it on level 14 of the Dungeon)

   [ring of fire]

   It enhances your fire magic.
   It affects your accuracy and damage with ranged weapons and melee attacks
   (+3).
   It protects you from fire.
   It makes you vulnerable to cold.
   It protects you from negative energy.
   It lets you see invisible.
   It makes you less stealthy.
Wands
 r - a wand of polymorph (14)
 A - a wand of paralysis (19)
 K - a wand of iceblast (36)
 P - a wand of disintegration (2)
Scrolls
 f - a scroll of teleportation
 g - a scroll of fear
 k - a scroll of immolation
 s - 7 scrolls of enchant weapon
 u - a scroll of brand weapon
 v - 12 scrolls of remove curse
 y - 3 scrolls of magic mapping
 z - 3 scrolls of enchant armour
 B - a scroll of silence
 E - a scroll of blinking
 I - 2 scrolls of fog {unknown}
 O - 3 scrolls of amnesia {unknown}
 R - a scroll of holy word {unknown}
 X - 2 scrolls of summoning {unknown}
 Y - 2 scrolls of torment {unknown}
Potions
 i - 6 potions of curing
 m - 5 potions of might
 p - 8 potions of flight
 t - 4 potions of haste
 x - 2 potions of berserk rage
 D - a potion of attraction {unknown}
 G - a potion of heal wounds
 M - a potion of invisibility {unknown}
 N - 2 potions of resistance
 Z - 4 potions of cancellation {unknown}
Miscellaneous
 j - a condenser vane (inert)
 Q - a lightning rod (3/4)


   Skills:
 + Level 17.0 Fighting
 - Level 14.7 Staves
 + Level 4.2 Throwing
 + Level 15.4 Armour
 + Level 9.3 Dodging
 - Level 0.3 Stealth
 - Level 8.0 Shields
 * Level 13.3 Invocations
 - Level 1.0 Evocations


You had 15 spell levels left.
You didn't know any spells.
Your spell library contained the following spells:

 Spells                   Type           Power        Failure   Level
 Animate Skeleton         Necr           #.....       96%         1
 Apportation              Tloc           #.....       96%         1
 Corona                   Hex            #......      96%         1
 Magic Dart               Conj           #...         96%         1
 Pain                     Necr           #...         96%         1
 Summon Small Mammal      Summ           #...         96%         1
 Searing Ray              Conj           #.....       99%         2
 Slow                     Hex            #.......     99%         2
 Dazzling Flash           Conj/Hex       #.....       100%        3
 Inner Flame              Hex/Fire       #.......     100%        3
 Lesser Beckoning         Tloc           #.........   100%        3
 Portal Projectile        Hex/Tloc       #.....       100%        3
 Tukima's Dance           Hex            #.......     100%        3
 Vampiric Draining        Necr           #.........   100%        3
 Animate Dead             Necr           #.........   100%        4
 Cause Fear               Hex            #.........   100%        4
 Fulminant Prism          Conj/Hex       #.........   100%        4
 Ice Form                 Ice/Tmut       #.......     100%        4
 Iskenderun's Mystic Bla  Conj/Tloc      #.......     100%        4
 Leda's Liquefaction      Hex/Erth       #.........   100%        4
 Agony                    Necr           #.......     100%        5
 Alistair's Intoxication  Tmut/Pois      #........    100%        5
 Metabolic Englaciation   Hex/Ice        #.........   100%        5
 Freezing Cloud           Conj/Ice/Air   #.........   100%        6
 Invisibility             Hex            #.......     100%        6
 Ozocubu's Refrigeration  Ice            #.........   100%        6
 Simulacrum               Ice/Necr       #.........   100%        6


Dungeon Overview and Level Annotations

Branches:
Dungeon (15/15)            Temple (1/1) D:5            Lair (6/6) D:8
  Swamp (3/4) Lair:4        Snake (0/4) Lair:4        Slime (0/5) Lair:6
    Orc (2/2) D:10            Elf (0/3) Orc:2        Vaults (0/5) D:14
 Depths: D:15

Altars:
Ashenzari
Cheibriados
Dithmenos
Elyvilon
Fedhas
Gozag
Hepliaklqana
Kikubaaqudgha
Makhleb
Nemelex Xobeh
Okawaru
Qazlal
Ru
Sif Muna
Trog
Uskayaw
Vehumet
Wu Jian
Xom
Yredelemnul
Zin
The Shining One
Beogh
Lugonu

Shops:
D:5 :   D:10 =[   D:11 [   D:14 :   Orc:2 ![!!


Innate Abilities, Weirdness & Mutations

You reflexively headbutt those who attack you in melee.
You have a pair of horns on your head.


Message History

The wyvern barely misses you.
Unknown command.
You feel better.
The necromancer hits the titan zombie but does no damage.
The wyvern barely misses you. You furiously retaliate!
You headbutt the wyvern!
You feel better.
Unknown command.
Evoke which item? (* to show all) (? for menu, Esc to quit)
Aiming: Disintegrate
Press: ? - help, Shift-Dir - straight line, f - wyvern
Aim: a wyvern (severely wounded, confused, chance to defeat MR: 70%)
The wyvern is blasted!
You blow up the wyvern!
Okawaru accepts your kill.
Unknown command.
Unknown command.
You sock the necromancer! You headbutt the necromancer.
The necromancer is almost dead.
The titan zombie hits you!!
You die...

# . #.. #. #.## #. ###..#
#### #.. #....# .[..
#..##..!.# # ...
.###........###.#.# ..
..........p.......# #
......##.#.####...... #
#........##.#@####...... #
#...........Z...........
####...........#.####......
............####...........
####.............####?.....
##..................#.....
##........................
..........................
##.)#..#....###...###..#..


You could see a necromancer (confused) and a titan zombie.

Vanquished Creatures
  Frances (D:14)
  Roxanne (D:15)
  Nessos (D:13)
  Azrael (D:14)
  A dire elephant (Lair:6)
  A bunyip (Swamp:1)
  Snorg (D:11)
  3 vault guards (D:14)
  Harold (D:7)
  The ghost of Kasmod the Spear-Bearer, a journeyman MfGl of the Shining One (D:12)
  10 hydras
  2 boulder beetles
  3 centaur warriors
  An ogre mage (D:15)
  A queen ant (Lair:3)
  11 death yaks (Lair:6)
  9 two-headed ogres
  2 alligators
  3 orc high priests (Orc:2)
  The ghost of Pooter the Covert, a novice SpBr of Dithmenos (D:8)
  A wizard (D:14)
  A bog body (Lair:4)
  A spriggan druid (Swamp:2)
  An unseen horror (D:14)
  Pikel (D:7)
  A necromancer (D:14)
  A tengu zombie (D:15)
  A swamp dragon (Swamp:2)
  4 orc knights
  A will-o-the-wisp (Swamp:1)
  6 cyclopes
  4 orc sorcerers (Orc:2)
  6 ugly things
  3 deep elf magi
  5 manticores
  2 elephants (Lair:5)
  An ice statue (Lair:2)
  5 black mambas
  A gargoyle (D:12)
  Psyche (D:9)
  Maggie (D:9)
  26 cane toads
  5 rime drakes
  A kobold demonologist (D:15)
  An ice devil (Lair:2)
  5 komodo dragons
  A yaktaur (D:14)
  A polar bear (shapeshifter) (D:14)
  A tengu conjurer (D:13)
  A queen bee (D:8)
  A polar bear (Lair:1)
  2 trolls (Orc:2)
  6 tyrant leeches
  A hornet (D:8)
  7 dream sheep (Lair:6)
  26 blink frogs
  13 slime creatures
  4 shadows
  2 wraiths (D:7)
  3 vampires
  4 wyverns
  2 fire elementals (D:14)
  17 yaks
  18 humans (D:14)
  14 vampire mosquitoes
  3 basilisks
  2 steam dragons
  Menkaure (D:7)
  2 wargs (Orc:2)
  4 swamp worms
  7 soldier ants
  3 nagas (Lair:4)
  5 hell hounds
  21 water moccasins
  20 orc warriors
  11 ice beasts
  8 sky beasts
  An eye of draining (D:10)
  14 ogres
  3 wolves (Lair:6)
  14 centaurs
  6 phantoms
  A lemure (D:7)
  2 big kobolds
  34 bullfrogs
  A gnoll sergeant (D:10)
  6 scorpions
  21 killer bees
  17 wights
  2 electric eels (Lair:6)
  4 centaur zombies
  4 howler monkeys
  2 bullfrog zombies
  A quasit (D:10)
  A gnoll shaman (D:4)
  14 jellies
  5 human zombies (D:7)
  19 orc priests
  3 centaur skeletons
  4 hounds
  2 bullfrog skeletons
  Jessica (D:3)
  A human skeleton (D:7)
  6 iguanas
  26 orc wizards
  26 worker ants
  5 hell rats (Lair:5)
  A killer bee zombie (D:8)
  A hound zombie (D:10)
  2 hound skeletons
  A mummy (D:7)
  A howler monkey zombie (D:9)
  A worker ant zombie (D:8)
  12 gnolls
  A howler monkey skeleton (D:11)
  18 adders
  A shadow imp (D:10)
  5 white imps
  3 ufetubi
  3 oozes
  An adder zombie (D:6)
  An adder skeleton (D:4)
  4 worms
  2 dart slugs
  6 leopard geckos
  76 orcs
  A ball python (D:4)
  6 giant cockroaches
  10 goblins
  11 hobgoblins
  10 jackals
  6 quokkas
  5 bats
  5 frilled lizards
  6 kobolds
  2 orc skeletons (D:7)
  5 rats
  5 bushes
810 creatures vanquished.

Vanquished Creatures (others)
  An alligator (Swamp:2)
  4 bloated husks
  An orc priest (Orc:2)
  A kobold (D:15)
  A bush (Lair:6)
  2 demonic plants (Temple)
  2 foxfires (Swamp:1)
  35 fungi
  106 plants
  11 withered plants (D:15)
164 creatures vanquished.

Grand Total: 974 creatures vanquished

Notes
Turn   | Place    | Note
-------+----------+-------------------------------------------
     0 | D:1      | mhtbhm the Minotaur Gladiator began the quest for the Orb.
     0 | D:1      | Reached XP level 1. HP: 18/18 MP: 0/0
   241 | D:1      | Reached XP level 2. HP: 18/25 MP: 1/1
  1165 | D:2      | Found an ornate altar of the Wu Jian Council.
  1165 | D:2      | Found a white marble altar of Elyvilon.
  1165 | D:2      | Found a basalt altar of Yredelemnul.
  1165 | D:2      | Found an opulent altar of Gozag.
  1167 | D:2      | Reached XP level 3. HP: 30/30 MP: 2/2
  1178 | D:2      | Found a hide-covered altar of Uskayaw.
  1178 | D:2      | Found a bloodstained altar of Trog.
  1205 | D:2      | Became a worshipper of Elyvilon the Healer
  1395 | D:2      | Found a shimmering altar of Xom.
  1466 | D:2      | Found a snail-covered altar of Cheibriados.
  1538 | D:2      | Reached skill level 1 in Armour
  1868 | D:2      | You fall into a shaft and drop 2 floors!
  1873 | D:4      | Reached XP level 4. HP: 32/37 MP: 3/3
  1877 | D:4      | Reached skill level 3 in Fighting
  1937 | D:4      | Reached skill level 5 in Staves
  2106 | D:3      | Noticed Jessica
  2113 | D:3      | Reached skill level 1 in Invocations
  2113 | D:3      | Reached XP level 5. HP: 45/45 MP: 4/4
  2124 | D:3      | Killed Jessica
  2248 | D:3      | Reached * piety under Elyvilon
  2447 | D:3      | Found a sparkling altar of Nemelex Xobeh.
  2492 | D:3      | Reached skill level 1 in Shields
  2912 | D:4      | Reached XP level 6. HP: 39/51 MP: 6/6
  3183 | D:4      | Found a stormy altar of Qazlal.
  3338 | D:5      | Entered Level 5 of the Dungeon
  3343 | D:5      | Noticed an ice beast
  3352 | D:5      | Killed an ice beast
  3408 | D:5      | Noticed an ice beast
  3414 | D:5      | Killed an ice beast
  3415 | D:5      | Reached XP level 7. HP: 41/57 MP: 8/8
  3892 | D:5      | Reached ** piety under Elyvilon
  3900 | D:5      | Reached skill level 4 in Fighting
  4087 | D:5      | Found Loxza's Book Shoppe.
  4123 | D:5      | Found a staircase to the Ecumenical Temple.
  4134 | Temple   | Entered the Ecumenical Temple
  4221 | D:5      | Reached XP level 8. HP: 66/66 MP: 9/9
  4620 | D:6      | Reached *** piety under Elyvilon
  4988 | D:6      | Found an iron altar of Okawaru.
  5012 | D:6      | Fell from the grace of Elyvilon
  5012 | D:6      | Became a worshipper of Warmaster Okawaru
  5056 | D:6      | Reached skill level 5 in Armour
  5215 | D:6      | Reached skill level 5 in Fighting
  5564 | D:7      | Reached skill level 5 in Dodging
  5564 | D:7      | Reached XP level 9. HP: 57/74 MP: 11/11
  5800 | D:7      | Noticed Harold
  5817 | D:7      | Killed Harold
  5817 | D:7      | Reached * piety under Okawaru
  5818 | D:7      | Reached skill level 6 in Fighting
  5818 | D:7      | Reached skill level 10 in Staves
  5818 | D:7      | Reached skill level 5 in Invocations
  5971 | D:7      | Noticed Menkaure
  5976 | D:7      | Killed Menkaure
  5976 | D:7      | Reached ** piety under Okawaru
  6163 | D:7      | Found a shadowy altar of Dithmenos.
  6286 | D:7      | Noticed Pikel
  6311 | D:7      | Killed Pikel
  6385 | D:7      | Reached XP level 10. HP: 84/84 MP: 13/13
  6703 | D:7      | Reached skill level 7 in Fighting
  6805 | D:7      | Reached *** piety under Okawaru
  6824 | D:7      | Found an ancient bone altar of Kikubaaqudgha.
  6936 | D:8      | Found a staircase to the Lair.
  6936 | D:8      | Noticed a two-headed ogre
  6943 | D:8      | Killed a two-headed ogre
  6944 | D:8      | Reached skill level 1 in Evocations
  7076 | D:8      | Noticed Pooter's ghost (novice SpBr)
  7077 | D:8      | Noticed a two-headed ogre
  7303 | D:8      | Killed a two-headed ogre
  7303 | D:8      | Reached **** piety under Okawaru
  7443 | D:8      | Found a transporter.
  7448 | D:8      | Found a transporter.
  7813 | D:8      | Found a blossoming altar of Fedhas.
  8350 | D:9      | Noticed Psyche
  8357 | D:9      | Killed Psyche
  8387 | D:9      | Noticed a two-headed ogre
  8396 | D:9      | Killed a two-headed ogre
  8396 | D:9      | Reached ***** piety under Okawaru
  8396 | D:9      | Received a gift from Okawaru
  8397 | D:9      | Reached XP level 11. HP: 93/93 MP: 15/15
  8419 | D:9      | Noticed Maggie
  8432 | D:9      | Killed Maggie
  8759 | D:9      | Found a basalt altar of Yredelemnul.
  8920 | D:10     | Entered Level 10 of the Dungeon
  8920 | D:10     | Found Laror's Jewellery Boutique.
  9440 | D:10     | Reached skill level 8 in Fighting
  9501 | D:10     | Reached skill level 5 in Shields
  9886 | D:10     | Found a staircase to the Orcish Mines.
 10063 | D:10     | Noticed a two-headed ogre
 10076 | D:10     | Killed a two-headed ogre
 10339 | D:10     | Found Qeno Cio's Armour Boutique.
 10359 | D:10     | Bought a +2 pair of boots of rampaging for 322 gold pieces
 10398 | Orc:1    | Entered Level 1 of the Orcish Mines
 10703 | Orc:2    | Entered Level 2 of the Orcish Mines
 10703 | Orc:2    | Noticed a two-headed ogre
 10719 | Orc:1    | Noticed an orc sorcerer
 11131 | Orc:1    | Killed a two-headed ogre
 11131 | Orc:1    | Received a gift from Okawaru
 11243 | Orc:2    | Noticed an orc knight
 11677 | Orc:1    | Killed an orc knight
 11677 | Orc:1    | Received a gift from Okawaru
 11956 | Orc:2    | Found a staircase to the Elven Halls.
 12085 | Orc:2    | Found a radiant altar of Vehumet.
 12261 | Orc:2    | Noticed an orc high priest
 12262 | Orc:2    | Noticed an orc sorcerer
 12267 | Orc:2    | Killed an orc high priest
 12269 | Orc:2    | Noticed an orc knight
 12269 | Orc:2    | Noticed an orc high priest
 12270 | Orc:2    | Noticed an orc knight
 12270 | Orc:2    | Noticed an orc sorcerer
 12275 | Orc:2    | Killed an orc sorcerer
 12460 | Orc:1    | Killed an orc knight
 12461 | Orc:1    | Reached skill level 9 in Fighting
 12653 | Orc:1    | Killed an orc knight
 12654 | Orc:1    | Reached XP level 12. HP: 21/104 MP: 17/17
 12972 | Orc:2    | Paralysed by an orc sorcerer for 5 turns
 13362 | Orc:2    | Noticed an orc high priest
 13621 | Orc:2    | Found a roughly hewn altar of Beogh.
 13877 | Orc:2    | Killed an orc high priest
 14190 | Orc:2    | Killed an orc high priest
 14401 | Orc:2    | Found Uzijumn's Distillery.
 14401 | Orc:2    | Found Naril's Distillery.
 14411 | Orc:2    | Found Amexongo's Distillery.
 14411 | Orc:2    | Found Xuubifumoi's Armour Emporium.
 14438 | Orc:2    | Bought 2 potions of heal wounds for 130 gold pieces
 14438 | Orc:2    | Bought a potion of might for 52 gold pieces
 14438 | Orc:2    | Bought a potion of berserk rage for 65 gold pieces
 14442 | Orc:2    | Bought a potion of heal wounds for 55 gold pieces
 14442 | Orc:2    | Bought a potion of heal wounds for 55 gold pieces
 14442 | Orc:2    | Bought a potion of heal wounds for 55 gold pieces
 15587 | D:11     | Reached skill level 10 in Fighting
 15624 | D:11     | Found Hoammol's Antique Armour Emporium.
 15721 | D:11     | Noticed a two-headed ogre
 15730 | D:11     | Killed a two-headed ogre
 15730 | D:11     | Received a gift from Okawaru
 15739 | D:11     | Got a masterwork crystal plate armour {god gift}
 15745 | D:11     | Identified the +4 crystal plate armour of Nesanetz {Str+4}
                  | (Okawaru gifted it to you on level 11 of the Dungeon)
 15877 | D:11     | Noticed Snorg
 15898 | D:11     | Killed Snorg
 16787 | D:8      | Killed Pooter's ghost
 17061 | Lair:1   | Entered Level 1 of the Lair of Beasts
 17849 | Lair:1   | Reached skill level 10 in Invocations
 18130 | Lair:2   | Noticed a boulder beetle
 18145 | Lair:2   | Killed a boulder beetle
 18288 | Lair:2   | Reached skill level 10 in Armour
 18764 | Lair:1   | Reached XP level 13. HP: 103/114 MP: 19/19
 20124 | Lair:3   | Reached skill level 11 in Fighting
 21534 | Lair:4   | Found a staircase to the Snake Pit.
 21545 | Lair:4   | Received a gift from Okawaru
 21879 | Lair:4   | Got a steaming quarterstaff {god gift}
 21880 | Lair:4   | Identified the +5 quarterstaff "Baogiface" {holy, rC+ rN+
                  | Int+4 Dex+3} (Okawaru gifted it to you on level 4 of the
                  | Lair of Beasts)
 21885 | Lair:4   | Found a staircase to the Swamp.
 22730 | Lair:5   | Reached skill level 12 in Fighting
 23049 | Lair:5   | You fall into a shaft and drop 1 floor!
 23049 | Lair:6   | Entered Level 6 of the Lair of Beasts
 23077 | Lair:6   | Received a gift from Okawaru
 23099 | Lair:6   | Received a gift from Okawaru
 23158 | Lair:6   | Noticed a dire elephant
 23196 | Lair:6   | Killed a dire elephant
 23217 | Lair:6   | Reached ****** piety under Okawaru
 23330 | Lair:6   | Reached XP level 14. HP: 58/127 MP: 21/21
 23525 | Lair:6   | Reached skill level 13 in Fighting
 23973 | Lair:6   | Received a gift from Okawaru
 24872 | Lair:6   | Reached skill level 14 in Fighting
 25202 | Lair:6   | Found a staircase to the Slime Pits.
 25971 | Swamp:1  | Entered Level 1 of the Swamp
 26827 | Swamp:1  | You are sucked into a shaft and drop 1 floor!
 26874 | Swamp:2  | Received a gift from Okawaru
 26977 | Swamp:2  | HP: 5/133 [spriggan rider/+0 spear (11)]
 27582 | D:12     | Found the macabre finger necklace {rN+}
 27757 | D:12     | Found a basalt altar of Yredelemnul.
 27815 | D:12     | Reached XP level 15. HP: 127/139 MP: 23/23
 28131 | D:12     | Reached skill level 15 in Fighting
 28541 | D:12     | Found a large runed translucent door.
 28541 | D:12     | Found a large runed translucent door.
 28705 | D:12     | Noticed Kasmod's ghost (journeyman MfGl)
 28959 | D:12     | Killed Kasmod's ghost
 29445 | D:13     | Received a gift from Okawaru
 29870 | D:13     | Noticed Nessos
 29877 | D:13     | Killed Nessos
 29981 | D:14     | Noticed Azrael
 30005 | D:15     | Entered Level 15 of the Dungeon
 30501 | D:14     | Killed Azrael
 30613 | D:14     | Reached skill level 16 in Fighting
 30778 | D:14     | Got a steaming pewter ring
 30973 | D:14     | Found Zoix's Book Shop.
 31181 | D:14     | Found a gate to the Vaults.
 31194 | D:14     | Received a gift from Okawaru
 31217 | D:14     | Reached skill level 15 in Armour
 31547 | D:14     | Got a shimmering hat {god gift}
 31553 | D:14     | Identified the +1 hat of the Journeyman {rF+} (Okawaru
                  | gifted it to you on level 14 of the Dungeon)
 31580 | D:14     | Identified the ring of Oconivvo {Fire rN+ Slay+3 SInv
                  | Stlth-} (You found it on level 14 of the Dungeon)
 32086 | D:14     | Noticed Frances
 32092 | D:14     | Killed Frances
 33098 | D:15     | Reached XP level 16. HP: 139/154 MP: 23/25
 33172 | D:15     | Noticed Roxanne
 33205 | D:15     | Killed Roxanne
 33206 | D:15     | Reached skill level 17 in Fighting
 33219 | D:15     | HP: 2/155 [titan zombie (16)]
 33227 | D:15     | HP: 2/155 [wyvern (8)]
 33231 | D:15     | Mangled by a titan zombie

Illustrated notes

Levels and vault maps discovered:
D:1:      scummos_arrival_checkerplants, layout_basic
D:2:      layout_loops_corners, kennysheep_slug_shrine,
          overflow_temple_1_default, minmay_overflow_temple_hex
D:3:      layout_loops_ring, nemelex_xobeh_ov_fountains_minmay, st_stairs_10,
          minmay_misc_feat_plants, minmay_misc_feat_rugged, uniq_jessica
D:4:      layout_rooms, general_overflow_altar
D:5:      layout_gridville, minmay_temple_entry_proselytizer, serial_shops,
          shop_statue
D:6:      minmay_chambers_of_fours, layout_basic,
          nicolae_overflow_crystal_walls, serial_aquarium,
          aquarium_bridge_square [aquarium_subvault_window,
          aquarium_subvault_window, aquarium_subvault_wall,
          aquarium_subvault_bridge], aquarium_window_fake,
          aquarium_window_corner, aquarium_window_1, aquarium_view_2c,
          aquarium_balcony_1b
D:7:      layout_loops_cross, lemuel_round_altar,
          lemuel_mausoleum_altar_kikubaaqudgha, uniq_menkaure, uniq_harold,
          uniq_pikel
D:8:      layout_basic, fedhas_altar_2, dpeg_oklobed_lair, gammafunk_ghost_hive,
          nicolae_zen_rock_garden
D:9:      layout_rooms, basic_altar, uniq_maggie, uniq_psyche
D:10:     layout_small_grid, orc_0_dummy, serial_shops, shop,
          nicolae_shop_waterfront, minivault_10
D:11:     layout_small_grid, serial_shops, nicolae_shop_overgrown_old_shop,
          uniq_snorg
D:12:     layout_stronghold, ebering_ghost_disaster_area,
          yredelemnul_altar_generic
D:13:     layout_irregular_city, uniq_nessos
D:14:     layout_loops_corners, grunt_vaults_entry_tiered, hangedman_decor_push,
          serial_shops, kennysheep_mini, uniq_azrael, uniq_frances
D:15:     gammafunk_depths_entry_grave, layout_basic, special_room
          [special_room_orc], uniq_roxanne
Temple:   corrupted_temple
Lair:1:   layout_cave_pods, ldierk_geyser, chequers_serial_rivers_micro_a,
          grunt_megastairs_2
Lair:2:   layout_regular_city, serial_forest, infiniplex_forest_side_room,
          infiniplex_forest_straight_2, infiniplex_forest_split,
          infiniplex_forest_lined_4_way, infiniplex_forest_end_1,
          infiniplex_forest_lined_3, ice2_lemuel
Lair:3:   layout_misc_corridors, st_stairs_11, minmay_another_anthill
Lair:4:   layout_regular_city, skrybe_swamp_entry_bodies,
          minmay_snake_entry_guardpost_small, minmay_hedge_maze
Lair:5:   layout_concentric_octagons, beast_lair_carwin_5
Lair:6:   minmay_lair_end_frog_pond, layout_regular_city,
          minmay_slime_entry_jelly_boxes
Swamp:1:  layout_basic_swamp, evilmike_swamp_ruin_house_6, swamp_pool2
Swamp:2:  layout_basic_swamp, infiniplex_staircase_pool_2
Swamp:3:  layout_basic_swamp, nicolae_swamp_very_dense_foliage, uniq_mara
Orc:1:    layout_caves
Orc:2:    grunt_orc_tribal_feast, layout_caves, basic_altar,
          nicolae_orc_flooded_monolith, minmay_orc_temple_b

Skill      XL: |  1  2  3  4  5  6  7  8  9 10 11 12 13 14 15 16 |
---------------+-------------------------------------------------+-----
Staves         | 4 5 6 7 9 10 12 14 | 14.7
Armour         | 1 2 3 4 5 6 7 8 10 11 13 15 | 15.4
Fighting       | 3 4 5 6 7 9 10 12 14 16 17 | 17.0
Dodging        | 4 5 6 7 8 9 |  9.3
Invocations    | 1 2 3 4 6 7 8 10 11 12 13 | 13.3
Shields        | 1 2 3 4 5 6 8 |  8.0
Evocations     | 1 |  1.0
Throwing       | 3 4 |  4.2
Stealth        | |  0.3

Action                   |  1- 3 |  4- 6 |  7- 9 | 10-12 | 13-15 | 16-18 || total
-------------------------+-------+-------+-------+-------+-------+-------++-------
Melee: Quarterstaff      |    66 |   116 |   243 |   993 |  1121 |    12 ||  2551
       Headbutt          |     8 |    20 |    48 |   215 |   406 |    14 ||   711
       Lajatang          |       |       |       |       |   382 |    22 ||   404
Throw: Throwing net      |       |     2 |     3 |     5 |       |       ||    10
       Dart              |       |       |       |    17 |     4 |       ||    21
       Javelin           |       |       |       |       |     7 |       ||     7
Invok: Heroism           |       |       |     1 |     1 |     5 |       ||     7
Evoke: Wand              |       |       |     7 |    22 |    32 |     1 ||    62
       Lightning rod     |       |       |       |     4 |     3 |     1 ||     8
       Condenser vane    |       |       |       |       |     4 |     1 ||     5
  Use: Scroll            |       |     3 |     7 |     9 |    26 |       ||    45
       Potion            |       |     1 |       |     3 |    14 |     4 ||    22
 Stab: Sleeping          |     2 |       |       |       |       |       ||     2
       Held in net/web   |       |       |     1 |     5 |       |       ||     6
       Distracted        |       |       |       |     1 |       |       ||     1
Armor: Leather armour    |    18 |     4 |       |       |       |       ||    22
       Scale mail        |       |    53 |    28 |   303 |    97 |       ||   481
       Pearl dragon scal |       |       |    47 |       |       |       ||    47
       Plate armour      |       |       |       |    75 |   611 |    34 ||   720
Dodge: Dodged            |    40 |    65 |   107 |   464 |   673 |    15 ||  1364
Block: Other             |     5 |    31 |    43 |   165 |   248 |     3 ||   495
       Reflection        |     1 |       |     3 |     3 |    10 |       ||    17

Table legend: (Time is in decaauts)
 A = Elapsed time spent in this place.
 B = Non-inter-level travel time spent in this place.
 C = Inter-level travel time spent in this place.
 D = Time resting spent in this place.
 E = Time spent auto-exploring this place.
 F = Levels seen in this place.
 G = Mean time per level.
                   A        B        C        D        E       F      G
               +--------+--------+--------+--------+--------+-----+--------+
         Total |  32305 |  32099 |    206 |   7843 |  16797 |  27 | 1196.5 |
       Dungeon |  17804 |  17669 |    135 |   2815 |  10628 |  15 | 1186.9 |
        Temple |     61 |     61 |      0 |      0 |     30 |   1 |   61.0 |
          Lair |   8714 |   8643 |     71 |   2311 |   4618 |   6 | 1452.3 |
         Swamp |   1294 |   1294 |      0 |    356 |    731 |   3 |  431.3 |
  Orcish Mines |   4431 |   4431 |      0 |   2361 |    789 |   2 | 2215.5 |
               +--------+--------+--------+--------+--------+-----+--------+

Top non-repeatable levels by time:
   Orc:2: 2495 daAuts
  Lair:6: 2085 daAuts
    D:14: 1987 daAuts
   Orc:1: 1935 daAuts
    D:10: 1915 daAuts
     D:8: 1687 daAuts
     D:7: 1588 daAuts
  Lair:1: 1442 daAuts
  Lair:2: 1408 daAuts
    D:12: 1394 daAuts
  Lair:3: 1311 daAuts
  Lair:4: 1304 daAuts
     D:5: 1214 daAuts
    D:15: 1206 daAuts
  Lair:5: 1161 daAuts
